 Dungeon Crawl Stone Soup version 0.24.0-125-gc4c63601f3 (webtiles) character file.

Game seed: 18337055354807320881, levelgen mode: deterministic

63 Mehrunes the Grave Robber (level 4, 0/32 HPs)
             Began as a Human Necromancer on Mar 6, 2020.
             Slain by a jackal (3 damage)
             ... on level 2 of the Dungeon.
             The game lasted 00:11:12 (2095 turns).

Mehrunes the Grave Robber (Human Necromancer)       Turns: 2095, Time: 00:11:12

Health: 0/32       AC:  0    Str:  9    XL:     4   Next: 30%
Magic:  1/7        EV: 12    Int: 21    God:
Gold:   54         SH:  0    Dex: 13    Spells: 2/7 levels left

rFire    . . .     SeeInvis .   g - +2 dagger (drain)
rCold    . . .     Gourm    .   (no shield)
rNeg     . . .     Faith    .   f - +0 leather armour
rPois    .         Spirit   .   (no helmet)
rElec    .         Reflect  .   (no cloak)
rCorr    .         Harm     .   (no gloves)
MR       .....                  (no boots)
Stlth    +++.......             (no amulet)
HPRegen  0.10/turn              d - -3 ring of protection
MPRegen  0.10/turn              r - ring of stealth

@: brilliant, very slightly contaminated
A: no striking features
a: no special abilities


You were on level 2 of the Dungeon.
You were not hungry.

You visited 1 branch of the dungeon, and saw 2 of its levels.

You collected 54 gold pieces.

Inventory:

Hand Weapons
 b - a +0 hunting sling
 e - a +0 short sword
 g - a +2 dagger of draining (weapon)
 j - a +0 dagger
Missiles
 i - 106 stones (quivered)
Armour
 a - a +0 robe
 f - a +0 leather armour (worn)
 q - a +0 chain mail
Jewellery
 d - a -3 ring of protection (left hand)
 r - a ring of stealth (right hand)
Scrolls
 h - 4 scrolls of remove curse
 k - 5 scrolls of teleportation {unknown}
 m - 2 scrolls of identify {unknown}
 o - a scroll of amnesia {unknown}
 p - a scroll of blinking {unknown}
 s - a scroll of noise {unknown}
Potions
 n - a potion of curing {unknown}
Comestibles
 c - a ration
 t - 5 chunks of flesh


   Skills:
 + Level 1.5 Fighting
 + Level 0.7 Armour
 - Level 2.4 Dodging
 - Level 2.0 Stealth
 - Level 2.0 Spellcasting
 * Level 4.8 Necromancy


You had 2 spell levels left.
You knew the following spells:

 Your Spells              Type           Power        Failure   Level  Hunger
a - Pain                  Necr           ####         1%          1    #......
b - Animate Skeleton      Necr           N/A          1%          1    #......
c - Vampiric Draining     Necr           #####.....   1%          3    ###....

Your spell library contained the following spells:

 Spells                   Type           Power        Failure   Level  Hunger
 Regeneration             Chrm/Necr      ###.......   2%          3    ###....
 Animate Dead             Necr           N/A          3%          4    #####..


Dungeon Overview and Level Annotations

Branches:
Dungeon (2/15)

Altars:


Message History

The floor.
You closely miss the jackal. The jackal bites you.
* * * LOW HITPOINT WARNING * * *
You hit the jackal but do no damage. You drain the jackal.
The jackal is heavily wounded.
The jackal bites you.
* * * LOW HITPOINT WARNING * * *
The jackal bites you.
* * * LOW HITPOINT WARNING * * *
You hit the jackal but do no damage.
The jackal is moderately wounded.
The jackal bites you.
* * * LOW HITPOINT WARNING * * *
It was a potion of brilliance.
You feel clever all of a sudden. The jackal barely misses you.
You barely miss the jackal.
The jackal is moderately wounded.
The jackal bites you.
You die...

# #### .
...####################...
...................(.....[
................@h.....(..
...#################).....
...# ....( ...# h..( ...#
... #### .. .


You could see a jackal.

Vanquished Creatures
  2 adders (D:2)
  2 leopard geckos
  A giant cockroach (D:2)
  5 goblins (D:1)
  7 hobgoblins (D:1)
  4 jackals
  3 bats
  4 frilled lizards
  6 kobolds
  2 rats
36 creatures vanquished.

Vanquished Creatures (collateral kills)
  A goblin (D:2)
  A jackal (D:1)
  A bat (D:1)
3 creatures vanquished.

Grand Total: 39 creatures vanquished

Notes
Turn   | Place    | Note
-------+----------+-------------------------------------------
     0 | D:1      | Mehrunes the Human Necromancer began the quest for the Orb.
     0 | D:1      | Reached XP level 1. HP: 13/13 MP: 3/3
    73 | D:1      | Learned a level 1 spell: Animate Skeleton
   129 | D:1      | Reached XP level 2. HP: 5/20 MP: 0/5
   600 | D:1      | Reached skill level 1 in Fighting
   600 | D:1      | Reached XP level 3. HP: 19/26 MP: 0/6
   887 | D:1      | Learned a level 3 spell: Vampiric Draining
  1933 | D:2      | Reached XP level 4. HP: 30/32 MP: 2/7
  2095 | D:2      | Slain by a jackal

Levels and vault maps discovered:
D:1:      minmay_arrival_glassed_features, layout_rooms, minivault_5,
          minmay_misc_feat_rows, minmay_tromino_v7
D:2:      layout_basic

Skill      XL: |  1  2 |
---------------+-------+-----
Fighting       | 1 |  1.5
Armour         | |  0.7
Dodging        | |  2.4
Stealth        | |  2.0
Spellcasting   | |  2.0
Necromancy     | |  4.8

Action                   |  1- 3 |  4- 6 || total
-------------------------+-------+-------++-------
Melee: Short sword       |     5 |       ||     5
       Dagger            |     4 |     4 ||     8
 Fire: Hunting sling     |     6 |     9 ||    15
 Cast: Pain              |    52 |     9 ||    61
       Animate Skeleton  |    13 |     1 ||    14
  Use: Scroll            |     1 |       ||     1
       Potion            |       |     1 ||     1
  Eat: Chunk             |     2 |       ||     2
       Ration            |     1 |       ||     1
Dodge: Dodged            |    33 |    12 ||    45
